 Dungeon Crawl Stone Soup version 0.23.0-3-gf3c87f2df8 (webtiles) character file.

Game seed: 12624605591184576951

1435 Kisielow the Archer (level 8, -14/69 HPs)
             Began as a Centaur Hunter on Feb 21, 2019.
             Was an Initiate of Okawaru.
             Demolished by an orc warrior
             ... wielding a +0 battleaxe
              (25 damage)
             ... on level 6 of the Dungeon.
             The game lasted 00:14:15 (4630 turns).

Kisielow the Archer (Centaur Hunter)                Turns: 4630, Time: 00:14:15

Health: -14/69     AC:  6    Str: 19 (20) XL:     8   Next: 45%
Magic:  8/8        EV:  9    Int: 10 (12) God:    Okawaru [......]
Gold:   382        SH:  0    Dex:  8 (11) Spells: 7/7 levels left

rFire    . . .     SeeInvis .   m - +8 mace of the Eel {crush, rElec rC+ Str+4 Int+2}
rCold    + . .     Gourm    .   (no shield)
rNeg     . . .     Faith    .   e - +0 troll leather armour {Purgy}
rPois    .         Spirit   .   x - +0 helmet
rElec    +         Reflect  .   (no cloak)
rCorr    .         Harm     .   (no gloves)
MR       +....                  (no barding)
Stlth    ..........             (no amulet)
HPRegen  0.61/turn              t - ring of protection from magic
MPRegen  0.11/turn              s - ring of flight

@: heavily drained, very quick
A: large, hooves 3, deformed body, speed 2, tough skin 3
a: Renounce Religion, Evoke Flight


You were on level 6 of the Dungeon.
You worshipped Okawaru.
Okawaru was noncommittal.
You were not hungry.

You visited 2 branches of the dungeon, and saw 7 of its levels.

You collected 382 gold pieces.

Inventory:

Hand Weapons
 a - a +2 shortbow
 m - the +8 mace of the Eel (weapon) {crush, rElec rC+ Str+4 Int+2}
   (You found it on level 4 of the Dungeon)

   It inflicts extra damage upon your enemies.
   It affects your strength (+4).
   It affects your intelligence (+2).
   It protects you from cold.
   It insulates you from electricity.
Missiles
 k - 3 arrows
Armour
 e - a +0 troll leather armour (worn) {Purgy}
 x - a +0 helmet (worn)
Jewellery
 s - a ring of flight (right hand)
 t - a ring of protection from magic (left hand)
 u - a cursed ring of teleportation {unknown}
Wands
 c - a wand of flame (11)
 d - a wand of paralysis (9)
 y - a wand of acid (5)
Scrolls
 b - a scroll of identify
 g - 3 scrolls of remove curse
 j - 4 scrolls of teleportation
 q - 2 scrolls of fog {unknown}
 v - 3 scrolls of fear
Potions
 h - a potion of invisibility
 i - 2 potions of agility
 l - a potion of resistance
 n - a potion of lignification
 o - 2 potions of curing
 r - a potion of mutation
 w - a potion of brilliance
Comestibles
 f - 6 rations
 p - a chunk of flesh


   Skills:
 + Level 5.4(3.4) Fighting
 * Level 11.1(8.8) Bows
 + Level 4.0(2.1) Dodging
 - Level 0.4(0.0) Stealth


You had 7 spell levels left.
You didn't know any spells.
Your spell library contained the following spells:

 Spells                   Type           Power        Failure   Level  Hunger
 Corona                   Hex            #......      41%         1    ##.....
 Ensorcelled Hibernation  Hex/Ice        #.....       56%         2    ###....
 Confuse                  Hex            #.......     80%         3    ####...
 Dazzling Spray           Conj/Hex       #.....       80%         3    ####...
 Tukima's Dance           Hex            #.......     80%         3    ####...


Dungeon Overview and Level Annotations

Branches:
Dungeon (6/15)             Temple (1/1) D:6

Altars:
Ashenzari
Cheibriados
Dithmenos
Elyvilon
Fedhas
Gozag
Hepliaklqana
Kikubaaqudgha
Makhleb
Nemelex Xobeh
Okawaru
Qazlal
Trog
Uskayaw
Vehumet
Wu Jian
Xom
Yredelemnul
Zin
The Shining One

Annotations:
D:3 Grinder


Innate Abilities, Weirdness & Mutations

You have hooves in place of feet.
Armour fits poorly on your strangely shaped body.
You cover ground very quickly.
You have extremely tough skin. (AC +3)


Message History

You are too injured to fight recklessly!
You are too injured to fight recklessly!
You are too injured to fight recklessly!
You are too injured to fight recklessly!
You are too injured to fight recklessly!
You are too injured to fight recklessly!
You are too injured to fight recklessly!
You are too injured to fight recklessly!
You are too injured to fight recklessly!
You are too injured to fight recklessly!
You hit the orc warrior.
The orc warrior is moderately wounded.
The orc warrior hits you with a +0 battleaxe!
* * * LOW HITPOINT WARNING * * *
A hound comes into view.
It was a potion of degeneration.
There was something very wrong with that liquid.
You feel weakened.
You feel dopey.
You feel clumsy.
The orc warrior hits you with a +0 battleaxe!!
You die...

.. . . #. #.# ####
####.h##..# ......o##.#
<...8.oo@.# .......##.#
####..##..# ..#
#########..#.##...##..#
....#...#..###.....#..#
...................#..#
............##....##..#
............##....##..#
............'.....'...#


You could see an orc warrior, a hound, an orc priest and an orc.

Vanquished Creatures
  Purgy (D:3)
  2 phantoms
  2 ogres
  3 scorpions
  4 wights (D:6)
  A howler monkey (D:4)
  A crimson imp (D:6)
  3 orc priests (D:4)
  6 orc wizards
  An iguana (D:4)
  Terence (D:3)
  2 worker ants (D:4)
  12 adders
  An ooze (D:2)
  An adder skeleton (D:4)
  2 worms
  A dart slug (D:1)
  4 leopard geckos
  13 orcs
  2 ball pythons (D:3)
  2 giant cockroaches (D:4)
  9 hobgoblins
  5 jackals
  10 kobolds
  A quokka (D:3)
  10 bats
  4 frilled lizards
  8 goblins
  A jackal zombie (D:6)
  5 rats
118 creatures vanquished.

Notes
Turn   | Place    | Note
-------+----------+-------------------------------------------
     0 | D:1      | Kisielow the Centaur Hunter began the quest for the Orb.
     0 | D:1      | Reached XP level 1. HP: 17/17 MP: 1/1
   400 | D:1      | Reached skill level 6 in Bows
   400 | D:1      | Reached XP level 2. HP: 24/24 MP: 2/2
   906 | D:2      | Reached XP level 3. HP: 29/29 MP: 3/3
  1192 | D:3      | Noticed Grinder
  1366 | D:3      | Noticed Terence
  1375 | D:3      | Killed Terence
  1375 | D:3      | Reached skill level 7 in Bows
  1375 | D:3      | Reached XP level 4. HP: 29/37 MP: 4/4
  1447 | D:3      | Reached XP level 5. HP: 21/45 MP: 5/5
  2273 | D:3      | Noticed Purgy
  2295 | D:3      | Killed Purgy
  2295 | D:3      | Reached skill level 8 in Bows
  2295 | D:3      | Reached XP level 6. HP: 47/51 MP: 6/6
  2743 | D:4      | Got an ebony mace
  2744 | D:4      | Identified the +8 mace of the Eel {crush, rElec rC+ Str+4
                  | Int+2} (You found it on level 4 of the Dungeon)
  2863 | D:4      | Reached skill level 9 in Bows
  2863 | D:4      | Reached XP level 7. HP: 47/58 MP: 7/7
  2944 | D:4      | Found a burning altar of Makhleb.
  2946 | D:4      | Found an iron altar of Okawaru.
  2946 | D:4      | Found a sparkling altar of Nemelex Xobeh.
  2948 | D:4      | Found a shimmering altar of Xom.
  2948 | D:4      | Found an iron altar of Okawaru.
  2948 | D:4      | Found a shimmering altar of Xom.
  3189 | D:4      | Found a radiant altar of Vehumet.
  3205 | D:4      | Found a shadowy altar of Dithmenos.
  3536 | D:5      | Entered Level 5 of the Dungeon
  3541 | D:5      | Reached skill level 10 in Bows
  3636 | D:5      | Reached XP level 8. HP: 67/67 MP: 8/8
  3774 | D:5      | Found a hazy altar of Hepliaklqana.
  3841 | D:6      | Found a staircase to the Ecumenical Temple.
  3863 | Temple   | Entered the Ecumenical Temple
  3872 | Temple   | Became a worshipper of Warmaster Okawaru
  4064 | D:6      | Reached skill level 5 in Fighting
  4317 | D:6      | Found a hazy altar of Hepliaklqana.
  4481 | D:6      | Reached skill level 11 in Bows
  4630 | D:6      | Demolished by an orc warrior

Skill      XL: |  1  2  3  4  5  6  7  8 |
---------------+-------------------------+-----
Bows           | 6 7 8 9 10 11 | 11.1
Dodging        | 2 3 4 |  4.0
Fighting       | 3 4 5 |  5.4
Stealth        | |  0.4

Action                   |  1- 3 |  4- 6 |  7- 9 || total
-------------------------+-------+-------+-------++-------
Melee: Short sword       |     2 |   133 |       ||   135
       Kick              |       |    34 |    25 ||    59
       Mace              |       |    22 |   103 ||   125
 Fire: Shortbow          |   104 |     5 |    17 ||   126
  Use: Scroll            |       |    10 |       ||    10
       Potion            |       |     5 |     4 ||     9
  Eat: Chunk             |       |     5 |     4 ||     9
Armor: Leather armour    |    10 |    45 |       ||    55
       Troll leather arm |       |    26 |    35 ||    61
Dodge: Dodged            |    12 |   112 |    53 ||   177
